AoeStats
← nanakusa

Lombardia

507245502Analyzed
4v4 RM · 16d ago on Sep 17, 2026· 37m 5s· 8 players
Game mode
Random Map
Map size
Large (8 player)
Population
200
Speed
Normal
Resources
Standard
Victory
Conquest
Starting age
Dark Age
Ending age
Imperial Age
RankedLock teamsTeams togetherTeam positionsShared explorationLock speedFull tech treeHidden civsTurbo modeCheats
Victory
Defeat
🇦🇷 Burmese · Argentina
1858
+5
🇨🇳 Berbers · China
1843
+5
🇸🇪 Sicilians · Sweden
1791
+6
🇬🇧 Maya · United Kingdom
1723
+8
🇩🇪 Jurchens · Germany
1606
-9
🇨🇳 Chinese · China
1528
-5
🇯🇵 Italians · Japan
1515
-5
🇺🇸 Hindustanis · United States
1514
-5
Fish
6:39 Loom
8:55 Feudal Age
9:23 Horse Collar
19:27 Castle Age
17:47 Gold Mining
18:39 Bloodlines
18:51 Town Watch
20:25 Light Cavalry
22:24 Wheelbarrow
30:22 Imperial Age
28:13 Stone Mining
28:26 Heavy Plow
29:08 Ballistics
29:05 Hand Cart
29:26 Husbandry
29:27 Padded Archer Armor
32:03 Conscription
31:45 Elite Arambai
33:28 Gold Shaft Mining
33:15 Howdah
33:53 Manipur Cavalry
36:31 Chemistry
36:59 Coinage
36:30 Caravan
JustAGecko
0:27 Loom
12:51 Feudal Age
13:34 Double-Bit Axe
16:21 Castle Age
15:36 Horse Collar
17:44 Fletching
18:06 Bow Saw
18:23 Bodkin Arrow
22:40 Wheelbarrow
24:14 Gold Mining
24:16 Stone Mining
30:46 Imperial Age
29:14 Padded Archer Armor
29:42 Ballistics
30:53 Leather Archer Armor
31:46 Bracer
33:01 Chemistry
35:22 Ring Archer Armor
36:11 Conscription
清远华
11:11 Feudal Age
12:41 Double-Bit Axe
15:03 Castle Age
13:14 Horse Collar
16:14 Bow Saw
20:14 Fletching
20:19 Gold Mining
23:09 Bodkin Arrow
23:55 Wheelbarrow
26:50 Ballistics
27:07 Gold Shaft Mining
27:42 Padded Archer Armor
27:53 Heavy Plow
31:33 Imperial Age
28:49 Loom
29:28 Stone Mining
29:48 Kasbah
32:16 Leather Archer Armor
32:31 Bloodlines
32:22 Husbandry
32:44 Conscription
34:19 Chemistry
33:40 Hand Cart
33:39 Guilds
33:39 Bracer
35:14 Stone Shaft Mining
34:41 Elite Camel Archer
Håll Kaeften
5:57 Loom
8:59 Feudal Age
10:27 Double-Bit Axe
10:26 Horse Collar
18:09 Castle Age
17:15 Stone Mining
19:08 Bow Saw
19:03 Heavy Plow
21:40 Wheelbarrow
25:33 Hand Cart
25:43 Fervor
25:47 Town Watch
26:17 Gold Mining
31:04 Imperial Age
28:59 Scale Mail Armor
29:10 Forging
30:13 Chain Mail Armor
30:36 Squires
31:50 First Crusade
31:04 Capped Ram
31:05 Elite Serjeant
32:07 Conscription
33:06 Plate Mail Armor
34:02 Iron Casting
33:14 Arson
33:27 Siege Ram
34:09 Fletching
34:42 Ballistics
34:57 Caravan
36:43 Blast Furnace
36:19 Hoardings
35:32 Arrowslits
35:57 Masonry
35:53 Siege Engineers
35:48 Bodkin Arrow
busy pushing deer
8:13 Feudal Age
8:09 Loom
11:30 Double-Bit Axe
21:18 Castle Age
19:59 Horse Collar
22:18 Bow Saw
22:21 Heavy Plow
21:51 Light Cavalry
22:31 Husbandry
24:28 Gold Mining
24:44 Scale Barding Armor
26:47 Chain Barding Armor
26:37 Forging
28:06 Wheelbarrow
28:57 Caravan
30:20 Gold Shaft Mining
29:37 Stone Mining
30:39 Bloodlines
34:59 Imperial Age
32:57 Ballistics
33:51 Iron Casting
33:48 Fletching
33:58 Murder Holes
35:06 Heavy Camel Rider
36:52 Chemistry
36:40 Plate Barding Armor
37:05 Blast Furnace
37:04 Hand Cart
36:35 Town Watch
Poggle-der-Fisch
6:11 Loom
8:56 Feudal Age
9:40 Double-Bit Axe
10:39 Horse Collar
15:25 Wheelbarrow
18:50 Castle Age
17:50 Forging
18:53 Bloodlines
19:14 Scale Barding Armor
19:03 Light Cavalry
20:14 Husbandry
20:40 Chain Barding Armor
20:49 Husbandry
28:37 Iron Casting
29:00 Bow Saw
29:31 Town Watch
30:22 Hand Cart
30:35 Gold Mining
30:35 Stone Mining
37:45 Imperial Age
36:00 Caravan
nanakusa
11:07 Feudal Age
12:25 Wheelbarrow
15:15 Castle Age
13:24 Double-Bit Axe
13:34 Horse Collar
16:48 Bow Saw
18:06 Heavy Plow
20:53 Stone Mining
22:37 Gold Mining
27:04 Loom
27:36 Hand Cart
27:41 Caravan
28:49 Stone Shaft Mining
31:22 Imperial Age
30:03 Fletching
30:14 Padded Archer Armor
30:35 Ballistics
31:12 Silk Road
32:01 Bodkin Arrow
32:40 Conscription
33:24 Chemistry
33:26 Hoardings
33:04 Pirotechnia
33:36 Thumb Ring
34:45 Bracer
35:01 Leather Archer Armor
35:49 Masonry
37:46 Guilds
牛比无极限
0:35 Loom
9:09 Feudal Age
11:48 Horse Collar
11:56 Double-Bit Axe
15:27 Wheelbarrow
20:07 Castle Age
22:24 Hand Cart
22:21 Bow Saw
22:15 Heavy Plow
28:25 Fletching
29:08 Bodkin Arrow
29:24 Gold Mining
29:26 Stone Mining
33:38 Imperial Age
31:35 Ballistics
31:28 Padded Archer Armor
31:54 Town Watch
32:14 Caravan
32:42 Leather Archer Armor
34:43 Conscription
34:35 Bracer
35:06 Ring Archer Armor
35:39 Chemistry
34:51 Fortified Wall
34:24 Elite Skirmisher
35:10 Thumb Ring
35:39 Crossbowman
36:47 Arbalester
Connection lost

Rejoining the realm…

Still unreachable

The connection could not be restored.

Session expired

The server has moved on; the page needs a fresh start.